 Seeded DCSS version 0.32-a0-996-gb3226c233f (webtiles) character file.

Game seed: 20240423 (custom seed)

5943 Orlauf the Cleaver (level 10, -6/80 HPs)
             Began as a Demonspawn Gladiator on Apr 23, 2024.
             Was a Follower of Uskayaw.
             Mangled by a boulder beetle (29 damage)
             ... on level 9 of the Dungeon.
             The game lasted 00:13:36 (8364 turns).

Orlauf the Cleaver (Demonspawn Gladiator)           Turns: 8364, Time: 00:13:36

Health: -6/80      AC: 13    Str: 18    XL:     10   Next: 54%
Magic:  14/14      EV:  3    Int:  9    God:    Uskayaw [*.....]
Gold:   666        SH: 10    Dex: 18    Spells: 9/9 levels left

rFire   + . .        b - +6 hand axe "Jieth" {freeze, rElec Dex+3 Stlth+}
rCold   + . .        h - +0 kite shield
rNeg    . . .        p - +0 plate armour
rPois   +            (helmet restricted)
rElec   +            t - +0 cloak
rCorr   .            m - +0 pair of gloves
SInv    +            (no boots)
Will    .....        (no amulet) Stlth
                     o - ring of Brawling {+Blink rPois rF+ SInv}
HPRegen 0.33/turn    G - ring of protection from cold
MPRegen 0.14/turn

%: no passive effects
@: no status effects
A: horns 1, ignite blood 2, sharp scales 1, demonic magic 1
a: Renounce Religion, Evoke Blink, Stomp


You were on level 9 of the Dungeon.
You worshipped Uskayaw.
Uskayaw was noncommittal.
You visited 2 branches of the dungeon, and saw 10 of its levels.

You collected 666 gold pieces.

Inventory:

Hand Weapons
 a - a +3 mace of protection
 b - the +6 hand axe "Jieth" (weapon) {freeze, rElec Dex+3 Stlth+}
   (You found it on level 5 of the Dungeon)

   Dex+3:     It affects your dexterity (+3).
   rElec:     It insulates you from electricity.
   Stlth+:    It makes you more stealthy.
 s - a +1 war axe
 v - a +0 trident of protection
Missiles
 d - a throwing net
 e - 6 javelins
 k - 23 poisoned darts
Armour
 c - a +1 helmet
 h - a +0 kite shield (worn)
 m - a +0 pair of gloves (worn)
 p - a +0 plate armour (worn)
 t - a +0 cloak (worn)
Jewellery
 o - the ring of Brawling (left hand) {+Blink rPois rF+ SInv}
   (You acquired it on level 3 of the Dungeon)

   [ring of see invisible]

   rF+:       It protects you from fire.
   rPois:     It protects you from poison.
   SInv:      It lets you see invisible.
   +Blink:    It lets you blink.
 G - a ring of protection from cold (right hand)
Wands
 r - a wand of polymorph (12)
 B - a wand of digging (8)
 D - a wand of quicksilver (13)
 K - a wand of flame (19)
Scrolls
 f - 2 scrolls of vulnerability
 g - a scroll of silence
 n - a scroll of fear
 y - 2 scrolls of fog
 E - a scroll of enchant weapon
 F - 2 scrolls of enchant armour
 J - a scroll of butterflies
 L - a scroll of revelation {unknown}
 M - a scroll of blinking
 N - 2 scrolls of teleportation
Potions
 i - 2 potions of ambrosia
 j - 10 potions of curing
 l - 2 potions of might
 q - a potion of mutation
 u - 2 potions of degeneration {unknown}
 w - 2 potions of magic
 x - a potion of lignification {unknown}
 z - a potion of resistance {unknown}
 A - a potion of berserk rage {unknown}
 C - 2 potions of haste
 H - a potion of invisibility {unknown}
 I - a potion of heal wounds


   Skills:
 + Level 7.9 Fighting
 * Level 10.3 Axes
 - Level 1.7 Throwing
 - Level 2.6 Dodging
 + Level 6.7 Shields
 + Level 6.2 Invocations


You had 9 spell levels left.
You didn't know any spells.
Your spell library contained the following spells:

 Spells                   Type           Power      Damage    Failure   Level
 Shock                    Conj/Air       0%         1d3       100%        1
 Slow                     Hex            0%         N/A       100%        1
 Confusing Touch          Hex            0%         N/A       100%        3
 Inner Flame              Hex/Fire       0%         N/A       100%        3
 Swiftness                Air            0%         N/A       100%        3
 Vampiric Draining        Necr           0%         2d6       100%        3
 Airstrike                Air            0%         2d(0-16)  100%        4
 Flame Wave               Conj/Fire      0%         2d4       100%        4
 Sticky Flame             Fire/Alch      0%         2d4       100%        4


Dungeon Overview and Level Annotations

Branches:
Dungeon (9/15)             Temple (1/1) D:6
   Lair: D:8-11         Orc: D:9-12

Altars:
Cheibriados
Dithmenos
Fedhas
Gozag
Hepliaklqana
Kikubaaqudgha
Makhleb
Nemelex Xobeh
Trog
Uskayaw
Vehumet
Wu Jian
Xom
Yredelemnul
Beogh

Annotations:
D:4 3 runed translucent doors, GiantSquids's ghost, amateur OpCA
D:9 1 runed translucent door, Cloneswarsnerd's ghost, novice MiBe


Innate Abilities, Weirdness & Mutations

You have a pair of small horns on your head.
Your demonic aura often causes spilled blood to erupt in flames.
You are partially covered in razor-sharp scales. (AC +1, Slay +1)
Spells you cast may paralyse adjacent enemies.


Message History

The boulder beetle is heavily wounded.
You block the boulder beetle's attack.
You hit the boulder beetle but do no damage.
The boulder beetle is heavily wounded.
The boulder beetle leaps!
Throw: dart (curare)
Press: ? - help, Q - select action, (/) - cycle Shift-Dir - straight line, f - boulder beetle
Aim: a boulder beetle (heavily wounded, 90% to hit)
You throw a curare-tipped dart.
The curare-tipped dart hits the boulder beetle.
The boulder beetle is poisoned.
The boulder beetle struggles to breathe.
The boulder beetle seems to slow down.
The boulder beetle is heavily wounded.
The boulder beetle curls into a ball and begins rolling!
The boulder beetle is no longer moving slowly.
You hit the boulder beetle but do no damage.
The boulder beetle is heavily wounded.
The boulder beetle hits you!!
* * * LOW HITPOINT WARNING * * *
The boulder beetle stops rolling and uncurls.
You hit the boulder beetle but do no damage.
The boulder beetle is heavily wounded.
The boulder beetle is engulfed in blazing flames.
You block the boulder beetle's attack.
You hit the boulder beetle but do no damage.
You headbutt the boulder beetle, but do no damage.
The boulder beetle is severely wounded.
The boulder beetle is engulfed in blazing flames.
The boulder beetle leaps!
You can no longer pass through a line of other dancers.
You are too injured to fight recklessly!
You are too injured to fight recklessly!
The boulder beetle curls into a ball and begins rolling!
You hit the boulder beetle. You freeze the boulder beetle.
You headbutt the boulder beetle.
The boulder beetle is almost dead.
The boulder beetle hits you!!
You die...
Your body falls in perfect tune with the rhythm.

#.................
............#.....#
#.......)...#......
#########≈)$.......
........≈....##..
.≈.≈.≈.≈....##
....(.(°≈....###
#######≈.......#
#####.....°.°@B...#
##..............°.....
#...............##)...
##.....†##......# ..[.
#....†..###.....# ...
##...†..###.....# ... ...
##.#.....##...###... # ...###
###..................###>##.#
#.....#....#..##.#.#(..#(W.


You could see a boulder beetle (rolling, poisoned).

Vanquished Creatures
  A hornet (D:7)
  Sigmund (D:6)
  6 yaks (D:9)
  A wyvern (D:8)
  2 steam dragons
  Eustachio (D:6)
  Edmund (D:6)
  3 vampire mosquitoes (D:5)
  Menkaure (D:6)
  3 orc warriors
  3 ogres
  6 centaurs
  A phantom (D:6)
  A kobold brigand (D:8)
  5 bullfrogs
  Blork the orc (D:6)
  2 gnoll sergeants
  4 scorpions
  8 killer bees
  An electric eel (D:7)
  2 howler monkeys (D:9)
  A bombardier beetle (D:5)
  3 hounds
  A jelly (D:4)
  2 orc priests
  Crazy Yiuf (D:3)
  2 gnoll boudas (D:8)
  2 iguanas
  2 sleepcaps (D:5)
  Ijyb (D:4)
  14 orc wizards
  Terence (D:3)
  15 gnolls
  13 adders
  2 white imps
  9 dart slugs
  A ribbon worm (D:4)
  27 orcs
  5 ball pythons
  8 endoplasms
  2 giant cockroaches
  11 goblins
  18 hobgoblins
  4 quokkas
  5 bats
  6 frilled lizards
  15 kobolds
  9 rats
234 creatures vanquished.

Notes
Turn   | Place    | Note
-------+----------+-------------------------------------------
     0 | D:1      | Orlauf the Demonspawn Gladiator began the quest for the
                  | Orb.
     0 | D:1      | Reached XP level 1. HP: 16/16 MP: 1/1
   135 | D:1      | Reached skill level 3 in Axes
   184 | D:1      | Gained mutation: Your demonic aura sometimes causes spilled
                  | blood to erupt in flames. [demonic ancestry]
   184 | D:1      | Reached XP level 2. HP: 14/23 MP: 2/2
   344 | D:1      | Found a faded altar of an unknown god.
   356 | D:1      | Gained mutation: Spells you cast may paralyse adjacent
                  | enemies. [demonic ancestry]
   356 | D:1      | Reached XP level 3. HP: 28/28 MP: 3/3
   907 | D:2      | Reached XP level 4. HP: 34/34 MP: 4/4
   996 | D:2      | Reached skill level 4 in Axes
   996 | D:2      | Reached skill level 1 in Shields
  1414 | D:2      | Gained mutation: Your demonic aura often causes spilled
                  | blood to erupt in flames. [demonic ancestry]
  1414 | D:2      | Reached XP level 5. HP: 38/41 MP: 5/5
  1810 | D:3      | Noticed Terence
  1827 | D:3      | Killed Terence
  2371 | D:3      | Found a runed translucent door.
  2372 | D:3      | Noticed Crazy Yiuf
  2381 | D:3      | Killed Crazy Yiuf
  2407 | D:3      | Identified a scroll of acquirement
  2407 | D:3      | Acquired the ring of Brawling {+Blink rPois rF+ SInv}
  2566 | D:4      | Noticed Ijyb
  2569 | D:4      | Paralysed by Ijyb for 5 turns
  2578 | D:4      | Killed Ijyb
  2579 | D:4      | Reached XP level 6. HP: 47/47 MP: 6/6
  2608 | D:4      | Reached skill level 5 in Axes
  2795 | D:4      | You fall into a shaft and drop 1 floor!
  2795 | D:5      | Entered Level 5 of the Dungeon
  2810 | D:5      | Reached XP level 7. HP: 48/54 MP: 7/7
  2952 | D:5      | Reached skill level 6 in Axes
  3178 | D:5      | Identified the +6 hand axe "Jieth" {freeze, rElec Dex+3
                  | Stlth+}
  3480 | D:4      | Found a runed translucent gate.
  3480 | D:4      | Found a runed translucent gate.
  3480 | D:4      | Found a runed translucent gate.
  3480 | D:4      | Noticed GiantSquids's ghost (amateur OpCA)
  3481 | D:4      | Identified the +11 chain mail of Watchfulness {-Cast +Inv
                  | rC+++ SInv}
  3951 | D:4      | Found a roughly hewn altar of Beogh.
  3990 | D:5      | Noticed a vampire mosquito
  3990 | D:5      | Noticed a vampire mosquito
  3994 | D:5      | Noticed a vampire mosquito
  3999 | D:5      | Killed a vampire mosquito
  4000 | D:5      | Reached skill level 5 in Fighting
  4000 | D:5      | Reached XP level 8. HP: 44/62 MP: 8/8
  4022 | D:5      | Reached skill level 7 in Axes
  4475 | D:6      | Noticed Edmund
  4485 | D:6      | Killed Edmund
  4888 | D:6      | Noticed Blork the orc
  4900 | D:6      | Killed Blork the orc
  4943 | D:6      | Found a staircase to the Ecumenical Temple.
  4954 | D:6      | Reached skill level 8 in Axes
  4956 | D:6      | Noticed Eustachio
  4966 | D:6      | Killed Eustachio
  4970 | Temple   | Entered the Ecumenical Temple
  4993 | Temple   | Became a worshipper of Uskayaw the Reveller
  5079 | D:6      | Reached * piety under Uskayaw
  5391 | D:6      | Noticed Menkaure
  5395 | D:6      | Killed Menkaure
  5395 | D:6      | Reached ** piety under Uskayaw
  5396 | D:6      | Reached skill level 5 in Shields
  5396 | D:6      | Gained mutation: You are partially covered in razor-sharp
                  | scales. (AC +1, Slay +1) [demonic ancestry]
  5396 | D:6      | Reached XP level 9. HP: 69/69 MP: 9/9
  5415 | D:6      | Noticed Sigmund
  5424 | D:6      | Killed Sigmund
  5425 | D:6      | Reached skill level 1 in Invocations
  5700 | D:7      | Reached *** piety under Uskayaw
  5703 | D:7      | Reached **** piety under Uskayaw
  6270 | D:7      | Found an ancient bone altar of Kikubaaqudgha.
  6600 | D:8      | Reached skill level 9 in Axes
  6805 | D:8      | Reached ***** piety under Uskayaw
  6880 | D:8      | Found a radiant altar of Vehumet.
  6965 | D:8      | Gained mutation: You have a pair of small horns on your
                  | head. [demonic ancestry]
  6965 | D:8      | Reached XP level 10. HP: 73/79 MP: 13/13
  7486 | D:8      | Reached skill level 5 in Invocations
  7541 | D:8      | Reached ****** piety under Uskayaw
  8170 | D:9      | Noticed a +1 hand axe of chaos
  8170 | D:9      | Noticed Cloneswarsnerd's ghost (novice MiBe)
  8170 | D:9      | Found a runed translucent door.
  8170 | D:9      | Found a shimmering altar of Xom.
  8204 | D:9      | Reached skill level 10 in Axes
  8320 | D:9      | Noticed a boulder beetle
  8364 | D:9      | Mangled by a boulder beetle

Illustrated notes

Levels and vault maps discovered:
D:1:      minmay_arrival_plants_in_alcoves, layout_rooms,
          ebering_ecumenical_altar_webs, minmay_vboxes
D:2:      minmay_chambers_of_twos, layout_basic, feat_on_display
D:3:      layout_basic, uniq_crazy_yiuf_cottage, uniq_terence
D:4:      layout_layer_cave, biasface_ghost_orc_armoury,
          dreamdust_mushroom_princess, kennysheep_pointless_box,
          nicolae_houndstooth_variations, uniq_ijyb
D:5:      layout_rooms
D:6:      layout_loops_corners, minmay_temple_entry_statues_fountains,
          uniq_edmund, uniq_eustachio, uniq_sigmund, uniq_menkaure,
          uniq_blork_the_orc
D:7:      layout_loops_cross, nicolae_kikubaaqudgha_miasma_corner, minivault_4
D:8:      kennysheep_housing_project, layout_basic, vehumet_altar_wand_db,
          amcnicky_mini_corridor_feature, kb_lookout_dungeons_type,
          grunt_ministairs_15
D:9:      layout_cave_pools, nicolae_qazlal_eye_of_the_storm,
          nicolae_ru_path_of_blood, ashenzari_altar_1, ebering_ghost_xom
Temple:   nicolae_temple_bog_church

Skill      XL: |  1  2  3  4  5  6  7  8  9 10 |
---------------+-------------------------------+-----
Axes           | 3 4 5 6 8 9 10 | 10.3
Shields        | 1 2 3 5 6 |  6.7
Fighting       | 3 4 5 6 7 |  7.9
Invocations    | 4 6 |  6.2
Throwing       | |  1.7
Dodging        | |  2.6

Action                     |  1- 3 |  4- 6 |  7- 9 | 10-12 || total
---------------------------+-------+-------+-------+-------++-------
  Melee: War axe           |    85 |   197 |    35 |       ||   317
         Hand axe          |       |       |   195 |   135 ||   330
         Headbutt          |       |       |       |    38 ||    38
  Throw: Throwing net      |     3 |     3 |       |       ||     6
         Dart              |       |       |     4 |     1 ||     5
 Invoke: Grand Finale      |       |       |       |     1 ||     1
  Evoke: Wand              |       |       |    12 |       ||    12
    Use: Scroll            |     5 |     9 |     7 |       ||    21
         Potion            |       |       |     1 |     1 ||     2
   Stab: Held in net/web   |     1 |       |       |       ||     1
         Paralysed         |       |       |    16 |     6 ||    22
 Armour: Leather armour    |    64 |       |       |       ||    64
         Ring mail         |     9 |    39 |       |       ||    48
         Plate armour      |       |   130 |   217 |    66 ||   413
         Chain mail        |       |    17 |       |       ||    17
  Dodge: Dodged            |    55 |    50 |    32 |    17 ||   154
  Block: Kite shield       |    20 |    89 |   127 |    63 ||   299

Table legend: (Time is in decaauts)
 A = Elapsed time spent in this place.
 B = Non-inter-level travel time spent in this place.
 C = Inter-level travel time spent in this place.
 D = Time resting spent in this place.
 E = Time spent auto-exploring this place.
 F = Levels seen in this place.
 G = Mean time per level.
                   A        B        C        D        E       F      G
               +--------+--------+--------+--------+--------+-----+--------+
         Total |   8506 |   8219 |    287 |    586 |   5954 |  10 |  850.6 |
       Dungeon |   8469 |   8195 |    274 |    586 |   5954 |   9 |  941.0 |
        Temple |     36 |     23 |     13 |      0 |      0 |   1 |   36.0 |
               +--------+--------+--------+--------+--------+-----+--------+

Top non-repeatable levels by time:
     D:8: 1575 daAuts
     D:6: 1191 daAuts
     D:4: 1126 daAuts
     D:2: 1103 daAuts
     D:5: 919 daAuts
     D:7: 915 daAuts
     D:1: 732 daAuts
     D:3: 715 daAuts
     D:9: 189 daAuts
  Temple: 36 daAuts
